 Dungeon Crawl Stone Soup version 0.21.1-1-g345015f (webtiles) character file.

506 inc the Changer (level 7, 0/43 HPs)
             Began as an Octopode Transmuter on June 10, 2018.
             Killed from afar by an orc wizard (9 damage)
             ... with a magic dart
             ... on level 4 of the Dungeon.
             The game lasted 00:05:58 (4552 turns).

inc the Changer (Octopode Transmuter)               Turns: 4552, Time: 00:05:59

Health: 0/43       AC:  1    Str: 10    XL:     7   Next: 18%
Magic:  10/10      EV: 13    Int: 17    God:
Gold:   135        SH:  0    Dex: 12    Spells: 4/10 levels left

rFire    . . .     SeeInvis .     - Unarmed
rCold    . . .     Gourm    +   (no shield)
rNeg     . . .     Faith    .   (helmet restricted)
rPois    .         Spirit   .   e - amulet of the gourmand
rElec    .         Reflect  .   (no ring)
rCorr    .         Harm     .   (no ring)
MR       .....                  (no ring)
Stlth    ++........             (no ring)
HPRegen  0.14/turn              (no ring)
MPRegen  0.12/turn              (no ring)
                                (no ring)
                                (no ring)

@: no status effects
A: almost no armour, stealthy swim, amphibious, 8 rings, constrict 8, camouflage
1, gelatinous body 1
a: no special abilities


You were on level 4 of the Dungeon.
You were not hungry.

You visited 1 branch of the dungeon, and saw 5 of its levels.

You collected 135 gold pieces.

Inventory:

Missiles
 a - 25 arrows
Jewellery
 e - an amulet of the gourmand (around mantle)
 j - an uncursed ring of see invisible {unknown}
Scrolls
 d - 2 scrolls of identify
 f - a scroll of magic mapping {unknown}
Potions
 g - a potion of cancellation
 h - 2 potions of magic
 i - a potion of haste
Books
 b - a book of Changes

   Spells                             Type                      Level
   a - Beastly Appendage              Transmutation                1
   b - Sticks to Snakes               Transmutation                2
   c - Spider Form                    Transmutation/Poison         3
   d - Ice Form                       Ice/Transmutation            4
   e - Blade Hands                    Transmutation                5
Comestibles
 c - 4 rations


   Skills:
 - Level 1.0 Fighting
 - Level 2.0 Dodging
 - Level 4.0 Unarmed Combat
 - Level 2.0 Spellcasting
 + Level 7.1 Transmutations


You had 4 spell levels left.
You knew the following spells:

 Your Spells              Type           Power        Failure   Level  Hunger
a - Beastly Appendage     Tmut           ####..       1%          1    #......
b - Sticks to Snakes      Tmut           ####....     1%          2    ###....
c - Spider Form           Tmut/Pois      ##........   14%         3    ###....


Dungeon Overview and Level Annotations

Branches:
Dungeon (5/15)
 Temple: D:4-7

Altars:
Dithmenos
Xom


Innate Abilities, Weirdness & Mutations

You cannot wear most types of armour.
You are very stealthy in the water. (Stealth+)
You are amphibious.
You can wear up to eight rings at the same time.
You can use your tentacles to constrict eight enemies at once.
Your skin changes colour to match your surroundings (Stealth+).
Your rubbery body absorbs attacks. (AC +1, EV +1)


Message History

A magic dart appears from out of thin air!
The magic dart hits your adder.
Your adder dies!
Things that are here:
a dagger; a robe You see here a hand axe.
You see here a trident.
Something tries to affect you, but you resist.
A leopard gecko comes into view.
Your transformation is almost over.
The leopard gecko hisses angrily.
Your tentacle spike disappears.
A magic dart appears from out of thin air!
The magic dart hits you!
* * * LOW HITPOINT WARNING * * *
An orc wizard appears from thin air!
Reactivating autopickup.
The orc wizard casts a spell at you. The magic dart hits you!
You die...

########### #######
#>.......). .......
#.######.## #.#####
#..)...#.# #.#
#[#...<#.# #.#
#.#.##@#.########.#####
#...[.......ol.........
#.######.#######....###
#.. ...# ......#.###
... ...### #####.#....
#....... .........
#...... .#.#....
#...... ..#.#....
#s.... .# #.#....


You could see an orc wizard and a leopard gecko.

Vanquished Creatures
  3 crimson imps (D:3)
  Natasha (twice) (D:3)
  2 worker ants
  2 orc wizards (D:4)
  2 gnolls (D:3)
  10 adders
  An ooze (D:2)
  2 worms
  4 dart slugs
  6 leopard geckos
  14 orcs
  4 bats
  A giant cockroach (D:4)
  5 goblins
  14 hobgoblins
  2 quokkas
  A ball python (D:2)
  4 frilled lizards
  4 kobolds
  6 rats
89 creatures vanquished.

Vanquished Creatures (collateral kills)
  Natasha (D:3)
  2 gnolls (D:3)
3 creatures vanquished.

Grand Total: 92 creatures vanquished

Notes
Turn   | Place    | Note
-------+----------+-------------------------------------------
     0 | D:1      | inc the Octopode Transmuter began the quest for the Orb.
     0 | D:1      | Reached XP level 1. HP: 13/13 MP: 3/3
   288 | D:1      | Reached XP level 2. HP: 8/18 MP: 5/5
   844 | D:1      | Reached XP level 3. HP: 23/23 MP: 6/6
  1541 | D:2      | Learned a level 2 spell: Sticks to Snakes
  1636 | D:2      | Reached skill level 3 in Transmutations
  1679 | D:2      | Reached XP level 4. HP: 23/28 MP: 5/7
  1974 | D:2      | Learned a level 3 spell: Spider Form
  2161 | D:3      | Noticed Natasha
  2173 | D:3      | Killed Natasha
  2173 | D:3      | Reached skill level 4 in Transmutations
  2173 | D:3      | Reached XP level 5. HP: 21/33 MP: 6/8
  2730 | D:3      | Reached skill level 5 in Transmutations
  2750 | D:3      | Noticed Natasha
  2759 | D:3      | Killed Natasha
  2962 | D:3      | Noticed Natasha
  3041 | D:3      | Reached XP level 6. HP: 38/38 MP: 5/9
  3058 | D:3      | Killed Natasha
  3358 | D:3      | Found a shimmering altar of Xom.
  3384 | D:3      | Reached skill level 6 in Transmutations
  4163 | D:5      | Entered Level 5 of the Dungeon
  4233 | D:4      | Reached XP level 7. HP: 27/43 MP: 8/10
  4406 | D:4      | Found a shadowy altar of Dithmenos.
  4423 | D:4      | Reached skill level 7 in Transmutations
  4552 | D:4      | Killed from afar by an orc wizard

Skill      XL: |  1  2  3  4  5  6  7 |
---------------+----------------------+-----
Unarmed Combat | 4 |  4.0
Transmutations | 3 4 5 6 7 |  7.1
Fighting       | |  1.0
Dodging        | |  2.0
Spellcasting   | |  2.0

Action                   |  1- 3 |  4- 6 |  7- 9 || total
-------------------------+-------+-------+-------++-------
Melee: Unarmed           |    77 |   129 |    38 ||   244
       Constrict         |    15 |    27 |    11 ||    53
       Tentacles         |    13 |    21 |     7 ||    41
       Punch             |     4 |     4 |     1 ||     9
       Kick              |     7 |    16 |    10 ||    33
 Cast: Beastly Appendage |     6 |    11 |     2 ||    19
       Sticks to Snakes  |       |     5 |     1 ||     6
       Spider Form       |       |     3 |       ||     3
  Use: Scroll            |       |     8 |       ||     8
 Stab: Sleeping          |     6 |     8 |       ||    14
  Eat: Chunk             |     4 |    13 |       ||    17
Armor: Skin              |     7 |     7 |     2 ||    16
Dodge: Dodged            |    46 |    66 |    16 ||   128
